 Dungeon Crawl Stone Soup version 0.29.1-14-g9c671dbff4 (webtiles) character file.

Game seed: 12596168778149748810

7692 hawla the Thaumaturge (level 11, -30/78 HPs)
             Began as a Meteoran Fire Elementalist on Feb 18, 2023.
             Was a Follower of Vehumet.
             Annihilated by a komodo dragon (31 damage)
             ... on level 2 of the Lair of Beasts.
             The game lasted 00:22:41 (5440 turns).

hawla the Thaumaturge (Meteoran Fire Elementalist)  Turns: 5440, Time: 00:22:42

Health: -30/78     AC:  2    Str:  9    XL:     11   Next: 69%
Magic:  16/28      EV: 14    Int: 27    God:    Vehumet [*.....]
Gold:   458        SH:  0    Dex: 16    Spells: 17/34 levels left

rFire   . . .      SeeInvis .   c - staff of conjuration
rCold   . . .      Faith    .   (no shield)
rNeg    . . .      Spirit   .   a - +0 robe
rPois   .          Reflect  .   i - +0 helmet
rElec   .          Harm     .   h - +1 cloak
rCorr   +          Rampage  .   (no gloves)
Will    +....                   v - +0 pair of boots
Stlth   +.........              (no amulet)
HPRegen 0.23/turn               z - ring of resist corrosion
MPRegen 0.21/turn               C - +6 ring of intelligence

@: corroded, slowed, glowing, very slow
A: sense surroundings 2, otherworldly, glowing, explore regen
a: Renounce Religion


You were on level 2 of the Lair of Beasts.
You worshipped Vehumet.
Vehumet was aware of your devotion.
You visited 3 branches of the dungeon, and saw 12 of its levels.
You also visited: Ossuary.

You collected 458 gold pieces.

Inventory:

Armour
 a - a +0 robe (worn)
 h - a +1 cloak (worn)
 i - a +0 helmet (worn)
 v - a +0 pair of boots (worn)
Magical Staves
 c - a staff of conjuration (weapon)
Jewellery
 d - a +4 ring of protection
 u - a +4 ring of evasion
 z - a ring of resist corrosion (left hand)
 A - a ring of protection from fire
 C - a +6 ring of intelligence (right hand)
Wands
 y - a wand of quicksilver (19)
 B - a wand of mindburst (21) (quivered)
 E - a wand of iceblast (12)
Scrolls
 e - 3 scrolls of amnesia {unknown}
 f - 5 scrolls of enchant weapon
 k - 4 scrolls of enchant armour
 l - 2 scrolls of fog
 m - 2 scrolls of fear
 p - 2 scrolls of teleportation {unknown}
 s - a scroll of silence {unknown}
 w - 2 scrolls of identify
 x - a scroll of blinking
Potions
 b - 4 potions of flight
 g - 4 potions of mutation
 j - 2 potions of brilliance
 n - a potion of resistance
 o - a potion of heal wounds
 q - 8 potions of curing
 r - 2 potions of ambrosia
 t - 3 potions of might
 D - 2 potions of berserk rage


   Skills:
 + Level 1.6 Fighting
 + Level 2.0 Staves
 + Level 5.0 Dodging
 - Level 1.4 Stealth
 + Level 12.1 Spellcasting
 + Level 7.3 Conjurations
 + Level 6.5 Translocations
 + Level 12.0 Fire Magic
 + Level 3.0 Evocations


You had 17 spell levels left.
You knew the following spells:

 Your Spells              Type           Power      Damage    Failure   Level
a - Foxfire               Conj/Fire      100%       2x1d9     1%          1
b - Scorch                Fire           100%       2d10      1%          2
c - Flame Wave            Conj/Fire      80%        2d17      1%          4
d - Iskenderun's Mystic   Conj/Tloc      69%        2d14      1%          4
e - Starburst             Conj/Fire      40%        6d11      10%         6

Your spell library contained the following spells:

 Spells                   Type           Power      Damage    Failure   Level
 Freeze                   Ice            64%        1d8       3%          1
 Conjure Flame            Conj/Fire      80%        6-21      1%          3
 Inner Flame              Hex/Fire       49%        N/A       1%          3
 Dazzling Flash           Conj/Hex       100%       N/A       2%          3
 Ensorcelled Hibernation  Hex/Ice        32%        N/A       5%          2
 Spider Form              Tmut/Pois      16%        N/A       11%         3
 Anguish                  Hex/Necr       8%         N/A       34%         4


Dungeon Overview and Level Annotations

Branches:
Dungeon (9/15) Zot: 1409   Temple (1/1) D:6 Zot: 308    Lair (2/5) D:9 Zot: 385
Ossuary (visited)
  Swamp: Lair:2-3    Shoals: Lair:2-3     Snake: Lair:2-3    Spider: Lair:2-3
    Orc: D:9-12

Altars:
Ashenzari
Cheibriados
Dithmenos
Elyvilon
Fedhas
Hepliaklqana
Kikubaaqudgha
Makhleb
Nemelex Xobeh
Okawaru
Qazlal
Ru
Sif Muna
Uskayaw
Vehumet
Wu Jian
Xom
Yredelemnul
The Shining One

Shops:
D:1 :   D:2 (   D:6 :   D:9 =

Annotations:
Lair:2 1 transporter, exclusion: oklob plant, Golfball's ghost, journeyman TrFi


Innate Abilities, Weirdness & Mutations

You passively map the area around you.
You are easily found by Zot.
You glow in the dark.
You regain HP and MP as you explore.


Message History

Confirm with . or Enter, or press ? or * to list all spells.
You feel a surge of power!
You erupt in a blast of force!
The mystic blast hits the komodo dragon.
The komodo dragon is lightly wounded.
The komodo dragon is knocked back by the mystic blast.
The mystic blast hits the water moccasin!
You kill the water moccasin!
Vehumet accepts your kill. Vehumet offers you knowledge of Freeze.
You feel your power returning.
You hear a bellow!
The catoblepas bellows!
The komodo dragon closely misses you. The komodo dragon barely misses you.
Golfball's ghost hits you!!
Casting: Iskenderun's Mystic Blast (dangerous; 1% risk of failure)
Confirm with . or Enter, or press ? or * to list all spells.
You feel a surge of power!
You erupt in a blast of force!
The mystic blast hits the torpor snail!
The torpor snail is moderately wounded.
The torpor snail is knocked back by the mystic blast.
The mystic blast hits the elephant!!
The elephant is moderately wounded.
The elephant is knocked back by the mystic blast.
The elephant collides with the cane toad!
The cane toad is moderately wounded.
The elephant is moderately wounded.
The mystic blast hits the komodo dragon!
The komodo dragon is moderately wounded.
The komodo dragon is knocked back by the mystic blast.
The komodo dragon collides with the elephant!
The elephant is heavily wounded.
The mystic blast hits Golfball's ghost!
Golfball's ghost is lightly damaged.
Golfball's ghost is knocked back by the mystic blast.
The komodo dragon bites you!!
* * * LOW HITPOINT WARNING * * *
Unknown command.
You feel much better. Golfball's ghost hits you!!!
* * * LOW HITPOINT WARNING * * *
The komodo dragon bites you!!
You die...

......†.....©...### ##..##
#.........#####...## #P...#
#........##...##...#########...##
#.......##.###.##..#..#..#.#....#
.......##.......##.............##
......##8..$....8##..............
.....##~.#.###.#..##...÷...†.....
##..##...$##!##$...##..<..÷.....#
#..#l#~.##..F##@.#.#......†...##
#..#F#.~#....Y#lW#©#..)........#
#..#.#..##...##YF#.#..........##
#..##Fl..l..##.~w.##..........##
##..##WS#.###.#..##.......†.....
##P...##8.....~.P##..............
.......##~.....~##...............
........##Y###.#*.....#.#####.##.
####.P#..##w©.##...!.#### #####


You could see a catoblepas, an elephant, a torpor snail, an oklob plant, a
komodo dragon, a cane toad, a basilisk and Golfball's ghost.

Vanquished Creatures
  The ghost of fitz the Cleaver, a novice HOFi (D:6)
  Pikel (D:6)
  The ghost of sigtrap the Shooter, a novice FoHu of Okawaru (D:6)
  A black mamba (Lair:2)
  3 cane toads
  The ghost of nalyd1 the Shooter, a novice KoHu (D:5)
  A komodo dragon (Lair:1)
  2 trolls
  A wyvern (Lair:1)
  2 basilisks (Lair:1)
  An acid dragon (D:8)
  2 water moccasins
  Duvessa (D:6)
  A black bear (D:6)
  2 orc warriors
  3 ogres
  11 wolves (Lair:2)
  3 centaurs
  A lemure (D:6)
  4 bullfrogs
  7 scorpions
  2 necrophages
  Dowan (D:6)
  2 howler monkeys (D:9)
  2 centaur zombies (Ossuary)
  2 human zombies (Ossuary)
  4 jellies
  4 orc priests
  2 hounds (D:6)
  Jessica (D:3)
  3 iguanas
  7 orc wizards
  5 mummies (Ossuary)
  A river rat (D:4)
  9 adders
  A white imp (D:6)
  An ufetubus (D:4)
  3 worms
  2 dart slugs
  31 orcs
  A bat (D:1)
  4 endoplasms
  5 giant cockroaches (D:4)
  A gnoll zombie (Ossuary)
  9 goblins
  6 hobgoblins
  4 jackals (D:1)
  5 ball pythons
  5 frilled lizards
  3 kobolds
  2 kobold zombies (Ossuary)
  An orc zombie (Ossuary)
  4 rats
183 creatures vanquished.

Vanquished Creatures (others)
  277 foxfires
  9 fungi
  3 plants (Lair:2)
289 creatures vanquished.

Grand Total: 472 creatures vanquished

Notes
Turn   | Place    | Note
-------+----------+-------------------------------------------
     0 | D:1      | hawla the Meteoran Fire Elementalist began the quest for
                  | the Orb.
     0 | D:1      | Reached XP level 1. HP: 14/14 MP: 5/5
    61 | D:1      | Reached XP level 2. HP: 20/20 MP: 0/6
    62 | D:1      | Found Ifioseah's Book Emporium.
   139 | D:2      | Learned a level 2 spell: Scorch
   145 | D:2      | Reached XP level 3. HP: 17/26 MP: 2/8
   347 | D:3      | Reached XP level 4. HP: 33/33 MP: 2/9
   357 | D:2      | Learned a level 4 spell: Flame Wave
   435 | D:2      | Found Zabam's Antique Weapon Shoppe.
   504 | D:3      | Noticed Jessica
   507 | D:3      | Killed Jessica
   508 | D:3      | Reached XP level 5. HP: 38/38 MP: 4/10
   690 | D:3      | Reached XP level 6. HP: 45/45 MP: 6/12
   740 | D:4      | Reached skill level 5 in Fire Magic
   804 | D:4      | Reached skill level 5 in Conjurations
   884 | D:4      | Found a broken altar of Ashenzari.
   922 | D:4      | Reached XP level 7. HP: 50/50 MP: 8/14
  1111 | D:4      | Found a sand-covered staircase.
  1121 | Ossuary  | Entered an ossuary
  1230 | Ossuary  | Reached skill level 5 in Spellcasting
  1373 | Ossuary  | Reached XP level 8. HP: 39/57 MP: 2/16
  1741 | D:4      | Reached skill level 1 in Staves
  1946 | D:5      | Entered Level 5 of the Dungeon
  2128 | D:5      | Found a runed translucent door.
  2134 | D:5      | Noticed nalyd1's ghost (novice KoHu)
  2143 | D:5      | Killed nalyd1's ghost
  2144 | D:5      | Reached skill level 1 in Fighting
  2144 | D:5      | Gained mutation: You passively map the area around you.
                  | [Meteoran growth]
  2144 | D:5      | Reached XP level 9. HP: 57/64 MP: 7/20
  2564 | D:6      | Found Nattept's Vocational Training.
  2616 | D:6      | Found a staircase to the Ecumenical Temple.
  2617 | D:6      | Found a runed translucent gate.
  2623 | D:6      | Noticed Duvessa
  2624 | D:6      | Noticed Dowan
  2636 | Temple   | Entered the Ecumenical Temple
  2895 | Temple   | Became a worshipper of Vehumet
  2924 | D:6      | Killed Duvessa
  2932 | D:6      | Killed Dowan
  2975 | D:6      | Found a runed translucent gate.
  3296 | D:6      | Noticed Pikel
  3302 | D:6      | Killed Pikel
  3303 | D:6      | Reached XP level 10. HP: 71/71 MP: 16/24
  3343 | D:6      | Learned a level 4 spell: Iskenderun's Mystic Blast
  3351 | D:6      | Reached skill level 1 in Translocations
  3441 | D:6      | Found a runed translucent gate.
  3445 | D:6      | Noticed fitz's ghost (novice HOFi)
  3445 | D:6      | Noticed sigtrap's ghost (novice FoHu)
  3455 | D:6      | Found an iron altar of Okawaru.
  3490 | D:6      | Found a glowing golden altar of the Shining One.
  3541 | D:6      | Killed fitz's ghost
  3542 | D:6      | Reached skill level 5 in Translocations
  3543 | D:6      | Killed sigtrap's ghost
  3543 | D:6      | Reached * piety under Vehumet
  3543 | D:6      | Offered knowledge of Sandblast by Vehumet.
  3544 | D:6      | Reached skill level 10 in Fire Magic
  3631 | D:8      | Reached skill level 1 in Evocations
  4017 | D:8      | Found a faded altar of an unknown god.
  4017 | D:8      | Found a hazy altar of Hepliaklqana.
  4025 | D:8      | Found a hide-covered altar of Uskayaw.
  4027 | D:8      | Found a faded altar of an unknown god.
  4029 | D:8      | Found a shadowy altar of Dithmenos.
  4304 | D:9      | Found Qec Isuh's Jewellery Shop.
  4530 | D:9      | Reached skill level 10 in Spellcasting
  4548 | D:9      | Reached XP level 11. HP: 77/77 MP: 4/26
  4609 | D:9      | Found a staircase to the Lair.
  4629 | Lair:1   | Entered Level 1 of the Lair of Beasts
  5128 | Lair:1   | Glimpsed the power of Zot.
  5175 | Lair:2   | Noticed an oklob plant
  5185 | Lair:2   | Noticed a black mamba
  5193 | Lair:2   | Reached skill level 5 in Dodging
  5193 | Lair:2   | Killed a black mamba
  5223 | Lair:2   | Learned a level 6 spell: Starburst
  5411 | Lair:2   | Noticed Golfball's ghost (journeyman TrFi)
  5412 | Lair:2   | Noticed a torpor snail
  5412 | Lair:2   | Noticed an elephant
  5417 | Lair:2   | Found a transporter.
  5419 | Lair:2   | Found a transporter.
  5424 | Lair:2   | Noticed a catoblepas
  5437 | Lair:2   | Offered knowledge of Freeze by Vehumet.
  5440 | Lair:2   | HP: 1/78 [Golfball's ghost (36)]
  5440 | Lair:2   | Annihilated by a komodo dragon

Illustrated notes

Levels and vault maps discovered:
D:1:      beargit_arrival_greenhouse, layout_rooms, serial_shops,
          nicolae_shop_crystal
D:2:      layout_basic, serial_shops, nicolae_shop_advertising_works
          [nicolae_subvault_shop_adworks]
D:3:      layout_basic, nicolae_overflow_crystal_walls,
          shapermc_ecumenical_altar_mp_urbaneastern, minmay_strange_pillars,
          uniq_jessica
D:4:      cheibrodos_greedy_goblins, layout_basic, nicolae_ashenzari_skybound,
          chequers_ossuary_entry_cave, portal_sewer_entry_b,
          nicolae_figureground_pulse
D:5:      layout_rooms, ebering_ghost_reflecting_pool, minivault_24
D:6:      layout_cave_pools, tso_altar, kennysheep_okawaru_gauntlet,
          minmay_temple_entry_offerings, gammafunk_ghost_cemetery,
          grunt_ministairs_3, minivault_19, nicolae_shop_vocational,
          uniq_duvessa, uniq_pikel
D:7:      layout_basic, serial_shops, shop_statue, chequers_big_river,
          minmay_holes, nrook_loot_triangle
D:8:      layout_basic, chequers_temple_overflow_minitemple
D:9:      wad_crossroads, layout_basic, mainiacjoe_overflow_alcove_1,
          lair_entry_dummy, serial_shops,
          nicolae_shop_temple_entry_statues_fountains, minmay_misc_feat_alley,
          grunt_ministairs_10
Temple:   oiseaux_autumnal_temple
Lair:1:   layout_cave_pods
Lair:2:   layout_long_grid, elwin_shoals_entry_rooms, nzn_ghost_randoct

Skill      XL: |  1  2  3  4  5  6  7  8  9 10 11 |
---------------+----------------------------------+-----
Fire Magic     | 4 5 6 7 9 10 12 | 12.0
Spellcasting   | 3 4 5 6 9 10 12 | 12.1
Conjurations   | 3 4 5 6 7 |  7.3
Dodging        | 3 4 5 |  5.0
Staves         | 2 |  2.0
Fighting       | 1 |  1.6
Translocations | 6 |  6.5
Evocations     | 3 |  3.0
Stealth        | |  1.4

Action                   |  1- 3 |  4- 6 |  7- 9 | 10-12 || total
-------------------------+-------+-------+-------+-------++-------
Melee: Unarmed           |     8 |    47 |       |       ||    55
       Staff             |       |     4 |    41 |     7 ||    52
       Punch             |       |       |       |     2 ||     2
 Cast: Foxfire           |    20 |    28 |    61 |    52 ||   161
       Scorch            |     2 |    13 |    63 |    45 ||   123
       Flame Wave        |       |     3 |     8 |    13 ||    24
       Iskenderun's Myst |       |       |       |    11 ||    11
  Use: Potion            |       |     4 |       |     2 ||     6
       Scroll            |       |     4 |     8 |     4 ||    16
Armor: Robe              |    28 |    35 |    58 |     4 ||   125
       Skin              |       |    14 |       |     7 ||    21
Dodge: Dodged            |    34 |    39 |    74 |    30 ||   177
